 Dungeon Crawl Stone Soup version 0.31.0-12-g77e489cdc1 (webtiles) character file.

Game seed: 9527915677576258605

3640 Gadfly the Covered (level 9, -6/74 HPs)
             Began as an Armataur Fighter on Feb 29, 2024.
             Was a Follower of the Shining One.
             Killed from afar by a gargoyle (12 damage)
             ... with a stone arrow
             ... on level 7 of the Dungeon.
             The game lasted 00:11:40 (6070 turns).

Gadfly the Covered (Armataur Fighter)               Turns: 6070, Time: 00:11:41

Health: -6/74      AC: 31    Str: 27    XL:     9   Next: 87%
Magic:  13/13      EV:  3    Int:  9    God:    the Shining One [*.....]
Gold:   173        SH:  5    Dex: 14    Spells: 8/8 levels left

rFire   . . .        b - +0 whip (elec)
rCold   + . .        c - +0 buckler
rNeg    . . .        y - +0 plate armour
rPois   .            m - +1 helmet
rElec   .            i - +0 cloak
rCorr   .            k - +2 pair of gloves
SInv    .            g - +8 barding of Insurance {Str+3 Dex+3}
Will    .....        j - amulet of the acrobat Stlth
                     n - ring of protection from cold
HPRegen 0.32/turn    (no ring)
MPRegen 0.13/turn

%: acrobat, roll
@: glowing
A: large, deformed body, tough skin 3, armoured tail, roll 2
a: Renounce Religion, Divine Shield


You were on level 7 of the Dungeon.
You worshipped the Shining One.
The Shining One was aware of your devotion.
You visited 2 branches of the dungeon, and saw 8 of its levels.

You collected 251 gold pieces.
You spent 78 gold pieces at shops.

Inventory:

Hand Weapons
 a - a +2 heavy flail
 b - a +0 whip of electrocution (weapon)
 r - a +0 flail
 w - a +0 mace of protection
Armour
 c - a +0 buckler (worn)
 g - the +8 barding of Insurance (worn) {Str+3 Dex+3}
   (You acquired it on level 2 of the Dungeon)

   Str+3:     It affects your strength (+3).
   Dex+3:     It affects your dexterity (+3).
 i - a +0 cloak (worn)
 k - a +2 pair of gloves (worn)
 m - a +1 helmet (worn)
 u - +0 acid dragon scales
 y - a +0 plate armour (worn)
Jewellery
 j - an amulet of the acrobat (around neck)
 n - a ring of protection from cold (left hand)
Wands
 e - a wand of roots (11)
 o - a wand of digging (5)
Scrolls
 h - 2 scrolls of revelation
 q - a scroll of poison
 s - a scroll of teleportation
 t - 2 scrolls of fog
Potions
 d - a potion of might
 f - 3 potions of cancellation
 l - 2 potions of mutation
 p - 4 potions of haste
 v - a potion of ambrosia {unknown}


   Skills:
 + Level 5.2 Fighting
 * Level 6.3 Maces & Flails
 + Level 6.7 Armour
 + Level 6.1 Shields
 * Level 6.5 Invocations
 * Level 6.5 Evocations


You had 8 spell levels left.
You didn't know any spells.
Your spell library contained the following spells:

 Spells                   Type           Power      Damage    Failure   Level
 Freeze                   Ice            0%         1d3       99%         1
 Kiss of Death            Conj/Necr      0%         2d5       99%         1
 Slow                     Hex            0%         N/A       99%         1
 Cigotuvi's Dreadful Rot  Necr/Alch/Air  0%         N/A       100%        2
 Jinxbite                 Hex            0%         N/A       100%        2
 Confusing Touch          Hex            0%         N/A       100%        3
 Dazzling Flash           Conj/Hex       0%         N/A       100%        3
 Frozen Ramparts          Ice            0%         1d1       100%        3
 Hailstorm                Conj/Ice       0%         3d5       100%        3
 Mephitic Cloud           Conj/Alch/Air  0%         N/A       100%        3
 Anguish                  Hex/Necr       0%         N/A       100%        4
 Dispel Undead            Necr           0%         3d6       100%        4
 Ignite Poison            Fire/Alch      0%         N/A       100%        4
 Curse of Agony           Necr           0%         N/A       100%        5
 Freezing Cloud           Conj/Ice/Air   0%         6-21      100%        5
 Silence                  Hex/Air        0%         N/A       100%        5
 Summon Forest            Summ/Tloc      0%         N/A       100%        5
 Summon Mana Viper        Hex/Summ       0%         N/A       100%        5
 Summon Cactus Giant      Summ           0%         N/A       100%        6


Dungeon Overview and Level Annotations

Branches:
Dungeon (7/15)             Temple (1/1) D:6

Altars:
Cheibriados
Dithmenos
Elyvilon
Fedhas
Gozag
Hepliaklqana
Kikubaaqudgha
Makhleb
Nemelex Xobeh
Qazlal
Ru
Sif Muna
Trog
Uskayaw
Wu Jian
Xom
Yredelemnul
Zin
The Shining One

Shops:
D:1 **:


Innate Abilities, Weirdness & Mutations

Armour fits poorly on your strangely shaped body.
You have extremely tough skin. (AC +3)
You have a long armoured tail.
You regenerate magic and health when rolling toward enemies. (Rampage Regen)


Message History

You are too injured to fight recklessly!
You hit the gargoyle but do no damage.
You tail-slap the gargoyle, but do no damage.
The gargoyle is heavily damaged.
The bullfrog hits you but does no damage.
You hit the gargoyle but do no damage.
The gargoyle is heavily damaged.
The gargoyle hits you with a +0 mace.
The bullfrog hits you but does no damage.
You hit the gargoyle but do no damage.
You tail-slap the gargoyle, but do no damage.
The gargoyle is heavily damaged.
The bullfrog hits you.
The gargoyle hits you but does no damage.
You hit the gargoyle but do no damage.
The gargoyle is heavily damaged.
The bullfrog hits you. The gargoyle hits you with a +0 mace!
* * * LOW HITPOINT WARNING * * *
The bullfrog hits you but does no damage.
You hit the gargoyle but do no damage.
The gargoyle is heavily damaged.
You block the bullfrog's attack. You block the gargoyle's attack.
Unknown command.
You hit the gargoyle but do no damage.
You tail-slap the gargoyle, but do no damage.
The gargoyle is heavily damaged.
The bullfrog hits you but does no damage.
You hit the gargoyle but do no damage.
You tail-slap the gargoyle, but do no damage.
The gargoyle is heavily damaged.
The gargoyle hits you with a +0 mace.
* * * LOW HITPOINT WARNING * * *
The bullfrog hits you but does no damage.
You whack the gargoyle!
You tail-slap the gargoyle, but do no damage.
The gargoyle is severely damaged.
The bullfrog hits you but does no damage.
The gargoyle hurls a stone arrow at you.
The stone arrow hits you!
You die...

...........#.# #..
.....)...##..# #..
........#.#..### #...
.....##.#...... #....
....#.##....#.# #....#
####.#.#....#.# #.....#
##..##.#.......#
#......##....##......###
......9@..............#
......F...............#
.......##....##......#.#
......# ##..##.#.....#..
.....# ####.#.#....# #
..... .# ##.....# ....
#..... ...# #....


You could see a gargoyle and a bullfrog.

Vanquished Creatures
  An ugly thing (D:7)
  A gargoyle (D:7)
  Maggie (D:6)
  A kobold demonologist (D:7)
  Prince Ribbit (D:5)
  A wraith (D:7)
  2 water moccasins (D:7)
  2 orc warriors (D:7)
  3 ice beasts
  2 black bears
  A centaur (D:7)
  A phantom (D:6)
  A bullfrog (D:6)
  2 scorpions (D:6)
  A wight (D:7)
  A killer bee (D:7)
  3 howler monkeys
  A bombardier beetle (D:4)
  6 hounds
  4 jellies
  An orc priest (D:7)
  A gnoll bouda (D:7)
  An iguana (D:7)
  An orc wizard (D:7)
  Robin (D:3)
  5 adders
  3 shadow imps
  3 ufetubi
  2 ribbon worms (D:2)
  6 orcs
  4 ball pythons
  16 endoplasms
  20 goblins
  7 hobgoblins
  3 quokkas
  3 bats (D:3)
  2 frilled lizards
  15 kobolds
  A rat (D:1)
131 creatures vanquished.

Notes
Turn   | Place    | Note
-------+----------+-------------------------------------------
     0 | D:1      | Gadfly the Armataur Fighter began the quest for the Orb.
     0 | D:1      | Reached XP level 1. HP: 18/18 MP: 1/1
    54 | D:1      | Found Efrun's Assorted Antiques.
   354 | D:1      | Found Zoesent's General Store.
   426 | D:1      | Reached XP level 2. HP: 25/25 MP: 2/2
   569 | D:1      | Found Seonos's Book Shop.
   803 | D:2      | Reached skill level 1 in Evocations
   875 | D:2      | Reached skill level 1 in Invocations
   875 | D:2      | Reached XP level 3. HP: 25/30 MP: 3/3
  1202 | D:2      | Identified a scroll of acquirement
  1202 | D:2      | Acquired the +8 barding of Insurance {Str+3 Dex+3}
  1586 | D:3      | Noticed Robin
  1620 | D:3      | Killed Robin
  1621 | D:3      | Reached XP level 4. HP: 36/38 MP: 5/5
  1885 | D:3      | Found a white marble altar of Elyvilon.
  1885 | D:3      | Found a hide-covered altar of Uskayaw.
  1885 | D:3      | Found a glowing silver altar of Zin.
  1885 | D:3      | Found a glowing silver altar of Zin.
  1885 | D:3      | Found a glowing golden altar of the Shining One.
  1885 | D:3      | Found an ancient bone altar of Kikubaaqudgha.
  1905 | D:3      | Reached XP level 5. HP: 16/45 MP: 6/6
  2079 | D:3      | Became a worshipper of the Shining One
  3067 | D:4      | Found a hazy altar of Hepliaklqana.
  3067 | D:4      | Found a burning altar of Makhleb.
  3181 | D:5      | Entered Level 5 of the Dungeon
  3241 | D:5      | Noticed a black bear
  3245 | D:5      | Killed a black bear
  3246 | D:5      | Reached XP level 6. HP: 48/51 MP: 6/8
  3321 | D:5      | Found a glowing golden altar of the Shining One.
  3344 | D:5      | Noticed Prince Ribbit
  3362 | D:5      | HP: 1/51 [Prince Ribbit (4)]
  3372 | D:5      | Killed Prince Ribbit
  3373 | D:5      | Gained mutation: You regenerate magic and health when
                  | rolling toward enemies. (Rampage Regen) [Armataur growth]
  3373 | D:5      | Reached XP level 7. HP: 15/57 MP: 9/9
  3527 | D:5      | Noticed an angel
  3536 | D:5      | Found a basalt altar of Yredelemnul.
  3538 | D:5      | Noticed a profane servitor
  3582 | D:5      | Identified the +1 pair of boots of Obriusm {rCorr Int+3
                  | Dex+3}
  4137 | D:6      | Reached skill level 5 in Armour
  4304 | D:1      | Bought a scroll labelled NOUCVA NY KUCK for 27 gold pieces
  4304 | D:1      | Bought a scroll labelled UZUIFA COKHIMU for 27 gold pieces
  4401 | D:1      | Bought a fuming pink potion for 24 gold pieces
  4563 | D:6      | Noticed Maggie
  4576 | D:6      | Killed Maggie
  4577 | D:6      | Reached XP level 8. HP: 11/66 MP: 11/11
  4955 | D:6      | Reached skill level 5 in Shields
  4970 | D:6      | Found a staircase to the Ecumenical Temple.
  4986 | Temple   | Entered the Ecumenical Temple
  5230 | D:7      | Noticed a kobold demonologist
  5230 | D:7      | Reached * piety under the Shining One
  5239 | D:7      | Noticed a red devil
  5239 | D:7      | Killed a kobold demonologist
  5240 | D:7      | Reached skill level 5 in Maces & Flails
  5240 | D:7      | Reached skill level 5 in Invocations
  5240 | D:7      | Reached skill level 5 in Evocations
  5258 | D:7      | Noticed a purple ugly thing
  5258 | D:7      | Noticed a gargoyle
  5273 | D:7      | Killed a purple ugly thing
  5274 | D:7      | Reached XP level 9. HP: 67/72 MP: 11/13
  5277 | D:7      | Killed a gargoyle
  5280 | D:7      | Got the Excursus on the Evil Eye
  5471 | D:7      | Reached skill level 5 in Fighting
  5816 | D:7      | Noticed a deep elf pyromancer
  6052 | D:7      | Noticed a gargoyle
  6070 | D:7      | Killed from afar by a gargoyle

Illustrated notes

Levels and vault maps discovered:
D:1:      dpeg_arrival_signposts, layout_basic, serial_shops, shop,
          nicolae_shop_crystal, nicolae_shop_stone
D:2:      layout_rooms
D:3:      cheibrodos_fertilizer, layout_loops_corners, uniq_robin
D:4:      layout_cave_pods, nicolae_overflow_two_pavilions
D:5:      layout_basic, grunt_temple_overflow_holy_war, dk_noncrumbling_4,
          uniq_prince_ribbit1
D:6:      layout_rooms, minmay_temple_entry_junction, uniq_maggie
D:7:      nzn_winding_woodlands_stair_cross [nzn_winding_woodlands_5x15_garden,
          nzn_winding_woodlands_center_pierced_h,
          nzn_winding_woodlands_5x15_sidewinder,
          nzn_winding_woodlands_5x5_cross,
          nzn_winding_woodlands_5x5_checkerboard,
          nzn_winding_woodlands_5x15_longhouse,
          nzn_winding_woodlands_center_diamonds,
          nzn_winding_woodlands_5x15_jagged], layout_loops_ring,
          minmay_misc_feat_secret_circle
Temple:   hellmonk_temple_forest_ring

Skill      XL: |  1  2  3  4  5  6  7  8  9 |
---------------+----------------------------+-----
Maces & Flails | 2 3 4 5 6 |  6.3
Evocations     | 1 2 3 4 5 6 |  6.5
Invocations    | 1 2 3 4 5 6 |  6.5
Fighting       | 3 4 5 |  5.2
Armour         | 4 5 6 |  6.7
Shields        | 4 5 6 |  6.1

Action                     |  1- 3 |  4- 6 |  7- 9 || total
---------------------------+-------+-------+-------++-------
  Melee: Flail             |   129 |   117 |   114 ||   360
         Tailslap          |    16 |    16 |    37 ||    69
         Whip              |       |       |    51 ||    51
    Use: Scroll            |     8 |     4 |     5 ||    17
         Potion            |       |     2 |       ||     2
 Armour: Scale mail        |    98 |    94 |   122 ||   314
         Plate armour      |       |       |    75 ||    75
         Chain mail        |       |       |    20 ||    20
  Dodge: Dodged            |    57 |    41 |    54 ||   152
  Block: Buckler           |    26 |    31 |    43 ||   100
